 Dungeon Sprint DCSS version 0.17-a0-1575-g9a29ec8 (webtiles) character file.

12 nuthulu the Cleaver (level 6, -7/62 HPs)
             Began as a Minotaur Berserker on July 26, 2015.
             Was a Believer of Trog.
             Killed from afar by Blork the orc (10 damage)
             ... with a puff of flame
             ... in the Dungeon (Sprint VI: "Thunderdome").
             The game lasted 00:02:08 (347 turns).

nuthulu the Cleaver (Minotaur Berserker)             Turns: 347, Time: 00:02:08

Health: -7/62      AC:  0    Str: 21    XL:     6   Next: 5%
Magic:  5/5        EV: 16    Int:  2    God:    Trog [**....]
Gold:   10         SH:  0    Dex: 14    Spells: 0 memorised, 5 levels left

rFire  . . .     SeeInvis +     n - +0 broad axe
rCold  + + +     Clarity  .     (no armour)
rNeg   . . .     SustAt   .     (no shield)
rPois  +         Gourm    .     (helmet restricted)
rElec  .         Spirit   .     (no cloak)
rCorr  .         Warding  .     (no gloves)
rMut   .         NoTele   +     (no boots)
MR     .....                    (no amulet)
Stlth  ++........               p - ring "Porefoube" {Wiz rC+ Dex+2 SInv}
                                o - ring "Pycsopta" {+Inv rPois rC+++ Int-2 Stlth+}

@: exhausted, slowed, very slow, not resistant to hostile enchantments,
unstealthy
A: retaliatory headbutt, horns 2
a: Burn Spellbooks, Berserk, Trog's Hand, Renounce Religion, Evoke Invisibility


You were in the Dungeon.
You worshipped Trog.
Trog was pleased with you.
You were not hungry.

You visited 1 branch You collected 220 gold pieces.
You spent 210 gold pieces at shops.

Inventory:

Hand weapons
 a - a +0 hand axe
 n - a +0 broad axe (weapon)
Armour
 b - a +0 animal skin
 r - a +2 chain mail of poison resistance
Jewellery
 o - the ring "Pycsopta" (left hand) {+Inv rPois rC+++ Int-2 Stlth+}
   (You bought it in a shop in the Dungeon)

   [ring of poison resistance]

   It affects your intelligence (-2).
   It renders you almost immune to cold.
   It protects you from poison.
   It lets you turn invisible.
   It makes you more stealthy.
 p - the ring "Porefoube" (right hand) {Wiz rC+ Dex+2 SInv}
   (You bought it in a shop in the Dungeon)

   [ring of wizardry]

   It improves your spell success rate.
   It affects your dexterity (+2).
   It protects you from cold.
   It lets you see invisible.
Magical devices
 j - a wand of cold (5)
 k - a wand of fire (5)
Scrolls
 i - 4 scrolls of blinking
 l - 3 scrolls of fog
Potions
 d - a potion of curing
 e - 4 potions of heal wounds
 f - 4 potions of haste
 g - 2 potions of magic
 h - a potion of berserk rage
 m - a potion of resistance
Comestibles
 c - a bread ration
 q - 4 chunks of flesh


   Skills:
 + Level 8.4 Fighting
 + Level 8.5 Axes
 + Level 7.8 Armour
 + Level 7.2 Dodging


You had 5 spell levels left.
You didn't know any spells.

Dungeon Overview and Level Annotations

Branches:
Dungeon (1/1)

Altars:
Cheibriados
Dithmenos
Fedhas
Gozag
Kikubaaqudgha
Makhleb
Okawaru
Qazlal
Ru
Sif Muna
Trog
Vehumet
Xom
Yredelemnul
Zin
The Shining One
Jiyva
Lugonu

Shops:
D *[%??*?*:[((!!!!

Annotations:
D Blork the orc


Innate Abilities, Weirdness & Mutations

You reflexively headbutt those who attack you in melee.
You have a pair of horns on your head.


Message History

Blork the orc completely misses you.
You continue taking off your +0 animal skin.
Blork the orc hits you from afar with a trident.
* * * LOW HITPOINT WARNING * * *
Blork the orc gestures at you while chanting.
The puff of flame hits you!
* * * LOW HITPOINT WARNING * * *
You continue taking off your +0 animal skin.
Blork the orc hits you from afar with a trident.
* * * LOW HITPOINT WARNING * * *
You continue taking off your +0 animal skin.
Blork the orc barely misses you.
You finish taking off your +0 animal skin.
Unknown command. 15...
Blork the orc hits you with a trident.
* * * LOW HITPOINT WARNING * * *
Blork the orc gestures at you while chanting.
The puff of flame hits you!
You die...

##∩.....∩## #∩..%....∩#
#_......._# #_.....)._#
#........_# ###.....)...###
#⌠...........⌠#
######o8..[......8.#####
##∩__...@...###.......__∩
###∩......).8.# #.8........
##.............###..........
#⌠..........###...###.......
#⌠..........# #.<.# #.......
#⌠..........###...###.......
##.............###..........
###∩........8.# #.8........
##∩___......###........_∩


You could see Blork the orc.

Vanquished Creatures
  An orc warrior (D)
  2 necrophages (D)
  An adder skeleton (D)
  4 orcs (D)
  2 bat zombies (D)
10 creatures vanquished.

Notes
Turn   | Place    | Note
--------------------------------------------------------------
     0 | D        | nuthulu the Minotaur Berserker began the quest for the Orb.
     0 | D        | Reached XP level 1. HP: 19/19 MP: 0/0
     1 | D        | Found a sacrificial altar of Ru.
     2 | D        | Found a radiant altar of Vehumet.
     3 | D        | Found a snail-covered altar of Cheibriados.
     3 | D        | Found a glowing golden altar of the Shining One.
     4 | D        | Found a shimmering altar of Xom.
     4 | D        | Found Suwnaapa's Weapon Rack.
     4 | D        | Found Xoohas's Premium Goods.
     5 | D        | Found Gasmonoki's Basic Armour.
     5 | D        | Found Wumes's Miscellaneous Merchandise.
     5 | D        | Round 1.
    12 | D        | Bought a +0 broad axe for 120 gold pieces
    17 | D        | Reached skill level 4 in Fighting
    20 | D        | Found a basalt altar of Yredelemnul.
    21 | D        | Found a viscous altar of Jiyva.
    22 | D        | Found a shadowy altar of Dithmenos.
    23 | D        | Noticed a necrophage
    23 | D        | Found Asejet's Identification Station.
    24 | D        | Found Xofi's Advanced Armour.
    24 | D        | Found Sajet's Jewellery.
    24 | D        | Found a deep blue altar of Sif Muna.
    24 | D        | Found a glowing silver altar of Zin.
    24 | D        | Found Zeefaos's Bee Food.
    30 | D        | Killed a necrophage
    30 | D        | Reached skill level 6 in Fighting
    30 | D        | Reached skill level 5 in Armour
    30 | D        | Reached skill level 5 in Dodging
    30 | D        | Reached XP level 2. HP: 20/30 MP: 1/1
    30 | D        | Reached XP level 3. HP: 24/37 MP: 2/2
    30 | D        | Reached XP level 4. HP: 28/44 MP: 3/3
    37 | D        | Bought a scintillating bronze ring for 45 gold pieces
    37 | D        | Identified the ring "Pycsopta" {+Inv rPois rC+++ Int-2 Stlth+} (You bought it in a shop in the Dungeon)
    42 | D        | Found a burning altar of Makhleb.
    44 | D        | Found a corrupted altar of Lugonu.
    45 | D        | Found Genuimp's Magic Scroll Shop.
    46 | D        | Found a stormy altar of Qazlal.
    46 | D        | Found an ancient bone altar of Kikubaaqudgha.
    46 | D        | Found a blossoming altar of Fedhas.
    46 | D        | Found Waqoj's Staff Store.
    46 | D        | Found Saodosm's Magic Scroll Shop.
    46 | D        | Found Mopru's Must-Have Magic.
    51 | D        | Found a bloodstained altar of Trog.
    52 | D        | Found an iron altar of Okawaru.
    53 | D        | Found Dufoc's Distillery.
    54 | D        | Found Onargh's Distillery.
    54 | D        | Found Leogan's Bottled Wisdom.
    55 | D        | Found an opulent altar of Gozag.
    55 | D        | Found Ybahokor's Do-It-Yourself Clinic.
   138 | D        | Noticed a necrophage
   146 | D        | Killed a necrophage
   146 | D        | Arena points: 12 (+12) [x2]
   146 | D        | Reached skill level 7 in Fighting
   146 | D        | Reached XP level 5. HP: 44/52 MP: 4/4
   154 | D        | Bought an ancient glass ring for 45 gold pieces
   154 | D        | Identified the ring "Porefoube" {Wiz rC+ Dex+2 SInv} (You bought it in a shop in the Dungeon)
   193 | D        | Round 2.
   318 | D        | Acquired Trog's second power
   323 | D        | Noticed an orc warrior
   334 | D        | Killed an orc warrior
   334 | D        | Reached skill level 8 in Fighting
   334 | D        | Reached XP level 6. HP: 32/62 MP: 5/5
   339 | D        | Noticed Blork the orc
   345 | D        | HP: 3/62 [Blork the orc/trident (5)]
   347 | D        | Killed from afar by Blork the orc

Vault maps used:
D:        arena_sprint

Action                   |  1- 3 |  4- 6 || total
-------------------------+-------+-------++-------
Melee: Broad axe         |     6 |    17 ||    23
Invok: Berserk           |       |     1 ||     1
